 Dungeon Crawl Stone Soup version 0.28-a0-691-gad6df49e81 (webtiles) character file.

Game seed: 13785074443022087284

178 ytrimaz the Skirmisher (level 5, 0/43 HPs)
             Began as a Formicid Fighter on Oct 22, 2021.
             Succumbed to an adder's poison
             ... in a sewer.
             The game lasted 00:04:02 (2839 turns).

ytrimaz the Skirmisher (Formicid Fighter)           Turns: 2839, Time: 00:04:03

Health: 0/43       AC:  6    Str: 22    XL:     5   Next: 89%
Magic:  5/5        EV:  9    Int:  7    God:
Gold:   116        SH:  4    Dex: 10    Spells: 4/4 levels left

rFire   + . .      SeeInvis +   a - +0 war axe
rCold   . . .      Faith    .   c - +0 buckler
rNeg    . . .      Spirit   .   b - +0 scale mail
rPois   .          Reflect  .   (helmet unavailable)
rElec   .          Harm     .   (no cloak)
rCorr   .          Rampage  .   (no gloves)
Will    .....                   (no boots)
Stlth   ..........              (no amulet)
HPRegen 0.14/turn               i - ring of protection from fire
MPRegen 0.09/turn               (no ring)

@: lethally poisoned (0 -> -3), attractive, flying, unable to read
A: permanent stasis, dig shafts and tunnels, antennae 3, four strong arms, wild
magic 1, inability to read while threatened
a: Dig


You were in a sewer.
You visited 1 branch of the dungeon, and saw 4 of its levels.
You also visited: Sewer.

You collected 116 gold pieces.

Inventory:

Hand Weapons
 a - a +0 war axe (weapon)
Armour
 b - a +0 scale mail (worn)
 c - a +0 buckler (worn)
Jewellery
 i - a ring of protection from fire (left hand)
Wands
 d - a wand of paralysis (12)
Scrolls
 h - a scroll of enchant weapon {unknown}
 j - a scroll of amnesia {unknown}
 k - a scroll of blinking {unknown}
 l - a scroll of magic mapping {unknown}
Potions
 g - a potion of berserk rage


   Skills:
 * Level 4.8 Fighting
 * Level 4.6 Axes
 - Level 3.2 Armour
 - Level 3.6 Shields


You had 4 spell levels left.
You didn't know any spells.
Your spell library contained the following spells:

 Spells                   Type           Power      Damage    Failure   Level
 Lesser Beckoning         Tloc           0%         N/A       99%         3
 Manifold Assault         Tloc           0%         N/A       100%        5
 Blink                    Tloc           Unusable   N/A       N/A         2

Dungeon Overview and Level Annotations

Branches:
Dungeon (4/15)              Sewer (1/1)
 Temple: D:4-7

Altars:


Innate Abilities, Weirdness & Mutations

You cannot be hasted, slowed, berserked, paralysed or teleported.
You can dig through walls and to a lower floor.
You have a pair of large antennae on your head. (SInv)
Your four strong arms can wield two-handed weapons with a shield.
Your spells are a little harder to cast, but a little more powerful.
You sometimes lose the ability to read scrolls when taking damage.


Message History

The adder is severely wounded.
You feel sick.
You are no longer poisoned.
The adder bites you.
* * * LOW HITPOINT WARNING * * *
The adder completely misses you.
It was a potion of flight.
You feel very buoyant.
You fly up into the air.
The adder barely misses you.
It was a potion of mutation.
You feel extremely strange.
You lose the ability to read scrolls when threatened.
You feel less in control of your magic. The adder closely misses you.
The adder barely misses you.
It was a potion of berserk rage.
Your stasis prevents you from going berserk.
The adder bites you but does no damage.
It was a potion of attraction.
You feel attractive to monsters. The adder bites you but does no damage.
You miss the adder.
The adder is severely wounded.
The adder barely misses you. You block the adder's attack.
You miss the adder.
The adder is severely wounded.
The adder closely misses you. You block the adder's attack.
You barely miss the adder.
The adder is severely wounded.
The adder bites you.
You feel threatened and lose the ability to read scrolls!
* * * LOW HITPOINT WARNING * * *
You are poisoned.
The adder poisons you!
You closely miss the adder.
The adder is severely wounded.
* * * LOW HITPOINT WARNING * * *
You feel sick. The adder bites you but does no damage. The adder bites you.
* * * LOW HITPOINT WARNING * * *
You barely miss the adder.
The adder is severely wounded.
You die...

#..#{ {
# #≈≈#
{ #
#.≈# {
# #†≈#
# #†≈##
{ #
#.≈≈# #
##≈≈# #
#≈S##
#≈@≈# {
{ {
##≈.#
#≈.≈#
#≈≈≈≈#
##.≈≈≈≈
#≈≈.≈≈
#.≈≈.≈
##≈≈≈


You could see an adder.

Vanquished Creatures
  A hound (D:3)
  Ijyb (D:3)
  4 adders
  An adder skeleton (D:4)
  3 worms
  3 bats
  14 endoplasms
  9 giant cockroaches
  4 hobgoblins
  4 jackals (D:1)
  6 quokkas
  7 ball pythons
  6 frilled lizards
  6 goblins
  2 kobolds (D:1)
  4 rats
75 creatures vanquished.

Vanquished Creatures (others)
  4 plants (D:1)
4 creatures vanquished.

Grand Total: 79 creatures vanquished

Notes
Turn   | Place    | Note
-------+----------+-------------------------------------------
     0 | D:1      | ytrimaz the Formicid Fighter began the quest for the Orb.
     0 | D:1      | Reached XP level 1. HP: 18/18 MP: 1/1
   162 | D:1      | Reached XP level 2. HP: 21/25 MP: 2/2
   355 | D:1      | Found a faded altar of an unknown god.
   565 | D:1      | Reached XP level 3. HP: 28/30 MP: 3/3
  1256 | D:2      | You fall into a shaft and drop 1 floor!
  1256 | D:3      | Noticed Ijyb
  1265 | D:3      | Reached XP level 4. HP: 23/38 MP: 4/4
  1266 | D:3      | Killed Ijyb
  1485 | D:2      | Reached XP level 5. HP: 43/43 MP: 5/5
  2327 | D:4      | Found a glowing drain.
  2535 | Sewer    | Entered a sewer
  2832 | Sewer    | Gained mutation: You sometimes lose the ability to read
                  | scrolls when taking damage. [potion of mutation]
  2832 | Sewer    | Gained mutation: Your spells are a little harder to cast,
                  | but a little more powerful. [potion of mutation]
  2838 | Sewer    | HP: 1/43 [adder (4)]
  2839 | Sewer    | Succumbed to an adder's poison

Illustrated notes

Levels and vault maps discovered:
D:1:      dpeg_arrival_round_a, layout_basic, serial_bayou, serial_bayou_ford_a,
          serial_bayou_pond_a, serial_bayou_lake_a, serial_bayou_pond_b,
          serial_bayou_lagoon_a, shapermc_ecumenical_altar_mp_ritualfount,
          minmay_fountain_box, minivault_26
D:2:      layout_rooms, minivault_23
D:3:      layout_rooms, uniq_ijyb
D:4:      layout_loops_ring, cheibrodos_sewer_entry_sluice, uniq_duvessa
Sewer:    sewer_frog_island_02

Skill      XL: |  1  2  3  4  5 |
---------------+----------------+-----
Fighting       | 4 |  4.8
Axes           | 3 4 |  4.6
Armour         | |  3.2
Shields        | |  3.6

Action                   |  1- 3 |  4- 6 || total
-------------------------+-------+-------++-------
Melee: War axe           |    84 |   126 ||   210
  Use: Potion            |     1 |     4 ||     5
       Scroll            |     1 |       ||     1
Armor: Scale mail        |    50 |    64 ||   114
Dodge: Dodged            |    39 |    62 ||   101
Block: Buckler           |    19 |    28 ||    47

Table legend: (Time is in decaauts)
 A = Elapsed time spent in this place.
 B = Non-inter-level travel time spent in this place.
 C = Inter-level travel time spent in this place.
 D = Time resting spent in this place.
 E = Time spent auto-exploring this place.
 F = Levels seen in this place.
 G = Mean time per level.
                   A        B        C        D        E       F      G
               +--------+--------+--------+--------+--------+-----+--------+
         Total |   2965 |   2902 |     63 |    169 |   2137 |   5 |  593.0 |
       Dungeon |   2619 |   2556 |     63 |    169 |   1932 |   4 |  654.8 |
         Sewer |    346 |    346 |      0 |      0 |    205 |   1 |  346.0 |
               +--------+--------+--------+--------+--------+-----+--------+

Top non-repeatable levels by time:
     D:1: 1183 daAuts
     D:2: 703 daAuts
     D:3: 495 daAuts
   Sewer: 346 daAuts
     D:4: 237 daAuts
